Map: Emerald City CE

Players

Nyck - Winner!

  • Race: Terran Terran
  • Spawn Location: 5:00

Ekelpack - Winner!

  • Race: Zerg Zerg
  • Spawn Location: 5:00

Matrosvik

  • Race: Terran Terran
  • League: Platinum
  • Spawn Location: 11:00

greenmegaman

  • Race: Zerg Zerg
  • Spawn Location: 11:00

VOD

Have the link to the VOD?

Description

Time

  • Played on: Sept. 11, 2024, 1:15 p.m.
  • Length: 20:23
Show
View Real Time Build Order
Export as new Build Order

Nyck Terran - Winner!

Build Orders:  

Get SALT Encoding   

  12  0:00  SCV  
  13  0:14  SCV  
  13  0:17  Supply Depot  
  14  0:27  SCV  
  15  0:41  SCV, Barracks  
  16  0:48  Refinery  
  16  0:54  SCV  
  17  1:05  Refinery  
  17  1:06  SCV  
  18  1:19  SCV  
  19  1:30  Reaper  
  20  1:35  Barracks  
  20  1:38  Orbital Command  
  20  1:54  Supply Depot  
  20  2:03  Barracks Reactor  
  20  2:05  SCV  
  21  2:17  SCV  
  22  2:26  Supply Depot  
  22  2:29  SCV  
  23  2:36  Barracks Tech Lab  
  23  2:38  Barracks  
  23  2:41  SCV  
  24  2:53  SCV  
  24  2:57  Command Center  
  25  3:05  SCV  
  25  3:20  SCV  
  28  3:29  Reaper x2  
  28  3:31  Barracks Reactor  
  28  3:38  SCV  
  29  3:49  Supply Depot  
  29  3:55  SCV  
  30  3:59  Reaper  
  31  4:03  Combat Shield  
  31  4:07  Marine x2  
  31  4:08  Marine x2  
  35  4:12  Supply Depot  
  35  4:23  SCV  
  36  4:30  Refinery  
  36  4:36  SCV, Refinery  
  37  4:42  Marine x2  
  37  4:44  Command Center  
  37  4:45  Marine  
  40  4:48  SCV  
  41  5:01  Orbital Command  
  23  5:30  Marauder  
  22  6:12  SCV  
  23  6:28  SCV  
  23  6:29  Orbital Command  
  24  6:40  SCV  
  25  6:53  SCV  
  26  6:55  SCV  
  27  7:05  SCV  
  27  7:07  SCV  
  29  7:14  Command Center  
  29  7:26  SCV x2  
  29  7:27  Refinery  
  31  7:47  SCV x2  
  31  7:50  Refinery  
  33  7:57  Refinery  
  33  7:59  SCV, Refinery  
  34  8:11  SCV  
  35  8:13  SCV, Command Center  
  36  8:21  Command Center  
  36  8:23  SCV  
  36  8:25  SCV  
  38  8:31  Orbital Command  
  38  8:36  SCV  
  38  8:37  SCV  
  40  8:48  SCV  
  41  8:53  SCV  
  42  8:58  Barracks Reactor  
  42  9:06  Barracks Reactor  
  42  9:07  SCV x2  
  42  9:08  SCV  
  45  9:17  Barracks Reactor  
  45  9:19  SCV x2  
  45  9:20  SCV  
  48  9:31  SCV x2  
  48  9:32  SCV  
  51  9:39  Command Center  
  51  9:43  SCV x2  
  51  9:44  SCV  
  54  9:55  SCV  
  54  9:56  SCV x2, Marine  
  54  9:57  Marine x4  
  54  9:58  Marine  
  63  10:08  SCV, Command Center  
  64  10:14  Marine x2  
  64  10:15  Marine x2  
  64  10:20  SCV  
  64  10:21  Engineering Bay  
  69  10:23  Barracks  
  69  10:27  SCV  
  69  10:28  SCV, Factory  
  71  10:31  Orbital Command  
  71  10:32  SCV  
  72  10:39  Orbital Command  
  72  10:48  Engineering Bay  
  72  10:49  SCV x3  
  75  10:54  Marine x3  
  75  10:55  Marine x3  
  81  11:06  Terran Infantry Weapons Level 1  
  81  11:18  SCV x2  
  81  11:19  SCV x3  
  81  11:22  Marine x5, Refinery  
  81  11:23  Marine  
  92  11:30  SCV  
  93  11:33  Terran Infantry Armor Level 1  
  93  11:36  Armory  
  93  11:39  Starport  
  93  11:41  Barracks Tech Lab  
  93  11:45  SCV x2  
  93  11:46  SCV x3  
  98  11:48  Refinery, Barracks  
  98  11:55  Marine x2  
  98  11:56  Marine x4  
  98  12:00  Stimpack  
  104  12:05  SCV x4  
  104  12:06  SCV  
  109  12:10  SCV  
  110  12:16  Marine x5  
  110  12:17  SCV x3, Marine  
  119  12:27  Orbital Command  
  119  12:29  SCV x2  
  122  12:30  SCV x3, Refinery  
  124  12:53  SCV  
  124  12:57  Marine  
  124  12:58  Marine x4  
  128  12:59  Marine  
  128  13:02  Terran Infantry Weapons Level 2  
  128  13:05  SCV  
  132  13:07  Starport Reactor  
  132  13:12  Terran Vehicle And Ship Armor Level 1  
  132  13:13  Barracks Tech Lab  
  132  13:14  Barracks Reactor  
  132  13:17  SCV  
  133  13:28  Terran Infantry Armor Level 2  
  133  13:29  SCV  
  133  13:32  Missile Turret  
  134  13:38  Marine x3  
  137  13:44  Supply Depot  
  137  13:48  Refinery  
  137  13:51  Refinery  
  137  13:53  Missile Turret  
  137  14:05  Marine x2  
  137  14:06  SCV x6  
  137  14:08  Supply Depot  
  145  14:16  Missile Turret  
  145  14:25  SCV  
  145  14:26  SCV  
  145  14:31  Supply Depot  
  120  14:55  SCV x5  
  120  14:56  SCV  
  118  15:02  SCV  
  111  15:07  SCV x4, Medivac x2  
  111  15:08  SCV x2, Marine  
  111  15:13  Marine  
  111  15:14  Marine x7  
  124  15:19  SCV  
  124  15:20  SCV x3  
  134  15:24  Refinery  
  134  15:26  Marine  
  135  15:31  SCV, Marine x3  
  135  15:32  Marine x5  
  135  15:34  Terran Infantry Weapons Level 3  
  144  15:43  SCV  
  144  15:45  Terran Infantry Armor Level 3  
  145  16:01  SCV x4  
  145  16:02  SCV x2  
  151  16:06  Missile Turret  
  152  16:13  SCV x4  
  152  16:14  SCV x2  
  152  16:17  Orbital Command  
  157  16:20  Refinery  
  157  16:22  Refinery  
  157  16:24  Marine  
  157  16:25  Marine x3  
  161  16:27  Missile Turret  
  161  16:35  Terran Vehicle And Ship Armor Level 2  
  161  16:46  SCV x4, Marine x5  
  161  16:47  SCV x2  
  172  16:49  Supply Depot  
  172  16:50  Missile Turret  
  172  16:53  SCV  
  173  16:55  Marine x4  
  173  16:58  SCV x3  
  180  17:04  Marine x5  
  185  17:11  SCV, Missile Turret  
  185  17:12  Marine x2  
  185  17:13  Supply Depot, Marine x2  
  190  17:20  Medivac  
  190  17:21  Marine  
  193  17:34  Marine, Medivac  
  193  17:36  Supply Depot  
  194  17:54  Marine  
  194  17:55  Marine x5  
  200  18:00  Supply Depot  
  200  18:22  Supply Depot  
  200  18:45  Supply Depot  
  200  18:46  Marine  
  184  19:54  Marine x6  
  184  19:55  Marine x3  
Show
View Real Time Build Order
Export as new Build Order

Ekelpack Zerg - Winner!

Build Orders: Hatch First, Brood Lord Corruptor 

Get SALT Encoding   

  12  0:00  Drone  
  13  0:13  Overlord  
  13  0:17  Drone  
  14  0:31  Drone  
  15  0:48  Hatchery  
  14  0:50  Drone  
  15  1:07  Spawning Pool  
  15  1:10  Drone  
  15  1:21  Drone x2  
  15  1:22  Extractor  
  15  1:23  Drone  
  17  1:33  Drone  
  18  1:43  Overlord  
  18  1:53  Queen  
  20  1:55  Drone  
  21  2:05  Drone  
  22  2:10  Drone  
  22  2:14  Drone  
  24  2:16  Drone  
  25  2:26  Lair  
  25  2:27  Drone  
  26  2:30  Drone  
  26  2:35  Extractor  
  26  2:37  Drone  
  26  2:43  Drone  
  28  2:47  Zergling x2  
  29  2:52  Extractor  
  29  2:53  Drone  
  29  2:56  Drone  
  30  2:59  Drone  
  30  3:04  Drone x3  
  34  3:10  Drone  
  34  3:12  Overlord, Metabolic Boost  
  35  3:18  Drone  
  36  3:27  Extractor  
  36  3:32  Drone  
  36  3:33  Overlord  
  36  3:38  Queen  
  36  3:41  Drone  
  39  3:49  Spire  
  39  3:55  Drone  
  39  3:57  Drone x2  
  39  3:58  Drone x2  
  39  4:01  Drone  
  44  4:14  Drone  
  45  4:20  Drone  
  45  4:22  Overlord  
  46  4:44  Drone x2  
  48  5:01  Mutalisk x6  
  48  5:04  Zerg Flyer Weapons Level 1  
  60  5:15  Overlord  
  59  5:36  Mutalisk x4  
  59  5:38  Zergling x2, Overlord x2  
  68  5:47  Overlord  
  68  5:57  Mutalisk x3  
  68  5:58  Mutalisk  
  68  5:59  Zergling x8  
  77  6:21  Mutalisk x3  
  77  6:22  Mutalisk x2  
  86  6:32  Queen  
  88  6:33  Hatchery  
  88  6:35  Mutalisk  
  88  6:36  Mutalisk  
  88  6:38  Overlord x2  
  91  6:44  Overlord  
  91  6:45  Overlord  
  91  6:58  Zerg Flyer Armor Level 1  
  91  7:08  Corruptor x3  
  91  7:09  Corruptor x6  
  91  7:10  Overlord x2  
  109  7:23  Zergling x6  
  112  7:45  Overlord x2  
  112  7:59  Infestation Pit  
  112  8:03  Overlord x3  
  112  8:04  Corruptor  
  112  8:05  Corruptor x4  
  121  8:24  Mutalisk x4  
  121  8:25  Mutalisk  
  115  8:52  Mutalisk x3  
  111  9:02  Zergling x8  
  115  9:03  Zergling x8  
  115  9:07  Zergling x10  
  115  9:08  Zergling x4  
  126  9:19  Hive  
  126  9:29  Mutalisk x5  
  126  9:30  Mutalisk x2  
  138  10:01  Overlord x3  
  138  10:04  Hatchery  
  137  10:23  Zergling x4  
  137  10:24  Zergling x12  
  137  10:25  Zergling x6  
  147  10:40  Extractor  
  147  10:41  Extractor  
  140  11:24  Greater Spire  
  140  11:28  Zergling x4  
  140  11:29  Zergling x14  
  140  11:30  Zergling x4  
  150  11:52  Adrenal Glands  
  140  12:19  Corruptor x2  
  140  12:20  Corruptor x6  
  140  12:21  Corruptor x4  
  164  12:30  Pneumatized Carapace  
  164  12:36  Zerg Flyer Weapons Level 2  
  164  12:44  Brood Lord x7  
  170  12:45  Brood Lord x6  
  170  12:48  Corruptor x4  
  153  14:15  Corruptor x2  
  153  14:16  Corruptor x7  
  153  14:17  Corruptor x5  
  142  14:32  Zergling x8  
  142  14:33  Zergling x6  
  149  14:51  Zergling x4, Zerg Flyer Armor Level 2  
  149  14:52  Zergling x10  
  156  15:05  Evolution Chamber  
  152  15:08  Evolution Chamber  
  136  15:45  Corruptor x3  
  136  15:46  Corruptor x6  
  136  15:47  Corruptor x4  
  136  15:49  Zergling x8  
  166  15:52  Zerg Melee Weapons Level 1  
  166  16:17  Corruptor x2  
  166  16:18  Corruptor x7  
  170  16:19  Corruptor x7  
  198  16:34  Zerg Ground Armor Level 1  
  198  17:08  Zerg Flyer Weapons Level 3  
  198  17:19  Hatchery  
  181  18:12  Extractor  
  178  18:16  Extractor  
  177  18:21  Brood Lord x7  
  177  18:22  Brood Lord x4  
  111  19:48  Hydralisk Den  
Show
View Real Time Build Order
Export as new Build Order

Matrosvik Terran 

Build Orders: 1/1/1 

Get SALT Encoding   

  12  0:00  SCV  
  13  0:12  SCV  
  14  0:17  Supply Depot  
  14  0:24  SCV  
  15  0:30  Refinery  
  15  0:39  SCV  
  16  0:46  Barracks  
  16  0:51  SCV  
  17  1:02  Refinery  
  17  1:03  SCV  
  18  1:15  SCV  
  19  1:34  Marine, Factory  
  20  1:43  Orbital Command  
  20  1:44  Supply Depot  
  20  1:56  Marine  
  21  2:11  SCV  
  21  2:13  Marine  
  23  2:19  Factory Tech Lab  
  23  2:20  Starport  
  23  2:26  SCV  
  24  2:31  Marine  
  24  2:34  Supply Depot  
  25  2:46  Siege Tank  
  25  2:49  SCV  
  25  2:50  Marine  
  30  3:00  Medivac  
  32  3:08  Marine  
  33  3:19  Siege Tank  
  36  3:27  Marine  
  36  3:29  Supply Depot  
  37  3:35  Medivac  
  39  3:50  Marine  
  40  3:58  Fusion Core  
  40  4:00  Supply Depot  
  40  4:30  Starport Tech Lab  
  40  4:44  Marine  
  41  4:46  Command Center  
  41  5:18  Battlecruiser  
  47  6:08  Engineering Bay  
  42  6:18  Factory Tech Lab  
  36  6:20  SCV  
  30  6:26  Orbital Command  
  30  6:30  Battlecruiser  
  36  6:41  Missile Turret  
  36  6:42  Missile Turret  
  36  6:43  Missile Turret  
  36  6:46  Missile Turret  
  36  6:47  Missile Turret  
  36  6:59  SCV x2  
  38  7:13  SCV x2  
  40  7:17  Missile Turret x2  
  40  7:29  Hi-Sec Auto Tracking  
  40  7:30  SCV x2, Armory  
  42  7:39  Missile Turret  
  42  7:42  SCV  
  43  7:45  SCV  
  43  7:51  Missile Turret  
  44  7:54  SCV, Refinery  
  44  7:57  SCV  
  46  8:06  SCV  
  46  8:09  SCV  
  48  8:18  SCV  
  49  8:20  Starport  
  49  8:25  Refinery  
  49  8:27  Neosteel Armor  
  49  8:28  SCV  
  49  8:31  SCV  
  45  8:58  Thor  
  45  9:00  Starport Tech Lab  
  51  9:08  Weapon Refit  
  51  9:20  Missile Turret  
  51  9:22  Missile Turret  
  51  9:23  Missile Turret  
  51  9:24  Missile Turret  
  51  9:29  Battlecruiser  
  51  9:30  SCV x2  
  59  9:49  Missile Turret  
  59  9:50  SCV x2, Missile Turret  
  61  10:06  Battlecruiser  
  61  10:07  Thor  
  73  10:40  Battlecruiser  
  73  10:41  Supply Depot  
  73  10:42  Supply Depot  
  79  10:43  Supply Depot x2  
  79  11:03  Thor  
  85  11:14  SCV x2  
  87  11:26  Battlecruiser  
  87  11:28  SCV  
  94  11:42  SCV x2, Sensor Tower  
  96  11:54  Thor  
  96  11:56  SCV x2  
  102  12:08  SCV x2  
  104  12:21  Missile Turret  
  104  12:24  Missile Turret  
  104  12:28  Battlecruiser  
  110  12:31  SCV x2  
  112  12:43  SCV x2, Missile Turret  
  114  12:51  Command Center  
  114  12:55  SCV  
  115  13:01  Battlecruiser  
  115  13:02  SCV  
  115  13:03  Missile Turret  
  122  13:09  Refinery  
  122  13:36  Siege Tank  
  125  13:49  SCV  
  126  14:02  SCV  
  121  14:08  Cyclone  
  105  14:13  Battlecruiser  
  105  14:14  Battlecruiser  
  93  14:19  Planetary Fortress  
  93  14:23  Refinery  
  67  14:53  Siege Tank  
  67  14:59  SCV x3  
  68  15:29  Battlecruiser  
  68  15:30  Battlecruiser  
  80  15:38  Missile Turret  
  80  15:40  Missile Turret  
  80  15:58  Command Center  
  80  15:59  Missile Turret, Command Center  
  80  16:14  Starport  
  80  16:15  Starport  
  80  16:31  Factory Tech Lab  
  80  16:34  Battlecruiser  
  86  16:58  SCV x2  
  88  17:01  Starport  
  88  17:10  SCV x2  
  90  17:22  Missile Turret  
  90  17:23  Factory Reactor  
  90  17:26  Starport Tech Lab  
  90  17:28  Refinery  
  90  17:32  Refinery  
  90  17:34  Planetary Fortress  
  90  17:36  SCV  
  89  17:43  Missile Turret  
  89  17:44  Missile Turret  
  89  17:49  Missile Turret x2  
  89  17:50  Missile Turret  
  89  17:52  Missile Turret  
  89  17:53  Missile Turret  
  89  17:54  Missile Turret  
  89  17:55  Missile Turret  
  89  17:56  Battlecruiser x2  
  95  18:12  Battlecruiser  
  95  18:13  Missile Turret  
  95  18:14  Missile Turret  
  95  18:15  SCV x2  
  95  18:16  Missile Turret  
  95  18:17  Missile Turret  
  97  18:28  SCV x2  
  97  18:31  SCV x2  
  101  19:04  Widow Mine x2  
Show
View Real Time Build Order
Export as new Build Order

greenmegaman Zerg 

Build Orders: Hatch First 

Get SALT Encoding   

  12  0:00  Drone  
  13  0:13  Overlord  
  14  0:35  Drone x2  
  14  0:36  Drone  
  16  0:58  Drone x2  
  16  1:01  Hatchery  
  17  1:15  Spawning Pool  
  17  1:17  Drone, Extractor  
  16  1:22  Drone  
  17  1:32  Drone  
  18  1:43  Drone  
  19  2:07  Hatchery  
  19  2:08  Drone  
  19  2:09  Drone  
  19  2:12  Queen  
  22  2:16  Drone  
  23  2:24  Queen  
  25  2:31  Drone  
  26  2:49  Zergling x2  
  26  2:50  Zergling x2  
  26  2:51  Metabolic Boost  
  28  2:52  Overlord  
  28  3:19  Lair  
  28  3:20  Drone  
  28  3:21  Drone x5  
  34  3:38  Zergling x2  
  34  3:39  Zergling x2  
  36  3:47  Zergling x4  
  38  3:56  Zergling x4  
  38  3:57  Zergling x4  
  38  3:58  Overlord  
  42  4:08  Extractor  
  41  4:10  Extractor  
  41  4:11  Extractor  
  41  4:12  Drone  
  41  4:13  Drone x2  
  42  4:17  Drone x3  
  42  4:18  Drone x3  
  48  4:41  Drone x2  
  48  4:43  Overlord  
  48  4:44  Overlord  
  50  4:50  Spire  
  50  4:52  Spore Crawler, Drone x2  
  50  5:04  Drone x2  
  50  5:05  Spore Crawler, Drone  
  50  5:06  Drone  
  54  5:07  Drone  
  54  5:08  Drone x3  
  54  5:12  Overlord x2  
  57  5:45  Spore Crawler  
  57  5:49  Spore Crawler, Drone  
  56  5:50  Drone x2  
  56  5:51  Spore Crawler  
  57  6:02  Mutalisk x4  
  57  6:03  Mutalisk x2  
  69  6:04  Corruptor  
  69  6:05  Corruptor  
  69  6:06  Corruptor  
  75  6:19  Mutalisk  
  77  6:35  Mutalisk  
  77  6:36  Mutalisk  
  81  6:41  Hatchery  
  81  6:44  Spore Crawler, Drone  
  80  6:50  Spore Crawler  
  80  6:52  Spore Crawler  
  78  7:02  Mutalisk  
  78  7:03  Mutalisk  
  78  7:08  Overlord x3  
  82  7:10  Pneumatized Carapace  
  82  7:21  Overlord  
  82  7:22  Overlord  
  82  7:34  Hatchery  
  81  7:43  Corruptor x4  
  89  7:56  Spore Crawler  
  88  8:14  Corruptor  
  88  8:15  Corruptor x2  
  88  8:17  Hatchery  
  87  8:46  Corruptor x4  
  79  9:11  Corruptor x3  
  85  9:25  Corruptor  
  87  9:48  Hatchery  
  87  9:50  Hatchery  
  85  10:09  Corruptor x2  
  85  10:10  Corruptor x3  
  95  10:15  Hatchery  
  94  10:47  Zerg Flyer Weapons Level 1  
  94  11:10  Corruptor  
  94  11:11  Corruptor x5  
  96  11:13  Overlord  
  96  11:14  Overlord  
  106  11:20  Drone  
  107  11:41  Drone  
  107  11:42  Drone  
  109  11:47  Spore Crawler  
  109  11:48  Spine Crawler  
  107  11:57  Drone x8  
  107  11:58  Drone x4  
  119  12:02  Spore Crawler  
  115  12:14  Drone x4  
  115  12:15  Drone x2  
  121  12:24  Spore Crawler  
  121  12:29  Spore Crawler  
  119  12:32  Extractor  
  119  12:33  Zergling x14  
  125  12:40  Evolution Chamber  
  125  12:41  Zerg Flyer Armor Level 1  
  124  13:41  Overlord  
  124  13:42  Overlord x4  
  122  14:07  Corruptor x6  
  122  14:08  Corruptor x6  
  132  14:30  Corruptor x4  
  129  14:50  Zergling x2  
  129  14:51  Zergling x14  
  137  15:26  Zergling x22  
  137  15:27  Zergling x2  
  149  15:50  Corruptor  
  149  15:51  Corruptor x6  
  149  15:52  Corruptor  
  165  16:06  Zerg Flyer Weapons Level 2  
  165  16:25  Spine Crawler  
  165  16:31  Spine Crawler  
  163  16:32  Extractor  
  162  16:58  Corruptor x2  
  162  17:00  Overlord x2  
  162  17:01  Overlord  
  166  17:14  Zerg Melee Weapons Level 1, Infestation Pit  
  165  17:46  Spore Crawler  
  165  17:48  Spine Crawler  
  165  17:50  Spine Crawler  
  162  17:54  Spine Crawler  
  162  17:56  Spore Crawler  
  154  18:38  Corruptor x3  
  154  18:39  Corruptor x6  
  154  18:40  Corruptor x5  
  154  18:41  Corruptor  
Tags
 
Add a new tag
Caveats
  • Supply blocks, unpowered buildings, or Contaminate may cause inaccurate times.
  • Supply counts are checked every 10 seconds.